 Dungeon Crawl Stone Soup version 0.27-a0-823-g0efe349 (webtiles) character file.

Game seed: 10595553278669027966

2954 2tousent the Ruffian (level 9, -6/76 (96) HPs)
             Began as a Pale Draconian Transmuter on Mar 29, 2021.
             Mangled by a wight
             ... wielding a +0 flail
              (7 damage)
             ... on level 6 of the Dungeon.
             The game lasted 00:21:22 (9977 turns).

2tousent the Ruffian (Pale Draconian Transmuter)    Turns: 9977, Time: 00:21:23

HP:   -6/76 (96)    AC:  7    Str: 15    XL:     9   Next: 52%
MP:   7/16          EV:  9    Int: 14    God:
Gold: 321           SH:  0    Dex: 12    Spells: 6/17 levels left

rFire    . . .     SeeInvis .     - Unarmed
rCold    . . .     Faith    .   (shield currently unavailable)
rNeg     . . .     Spirit   .   (armour unavailable)
rPois    +         Reflect  .   (helmet currently unavailable)
rElec    .         Harm     .   (cloak currently unavailable)
rCorr    .         Rampage  .   (gloves currently unavailable)
Will     +....                  (boots currently unavailable)
Stlth    +.........             (no amulet)
HPRegen  0.22/turn              h - ring of willpower
MPRegen  0.15/turn              (no ring)

@: hydra-form, heavily drained
A: fast swimmer, devour, amphibious, boosted hp, (breathe steam), AC +7, very
large, unfitting armour, (cold-blooded), (steam resistance)
a: End Transformation


You were on level 6 of the Dungeon.
You were a three-headed hydra.
You visited 1 branch of the dungeon, and saw 7 of its levels.

You collected 321 gold pieces.

Inventory:

Armour
 b - a +0 pair of gloves (melded)
Jewellery
 h - a ring of willpower (left foreclaw)
 i - a ring of ice
 j - a ring of fire
 p - a ring of ice
Wands
 c - a wand of charming (10)
 f - a wand of digging (7)
 o - a wand of flame (14)
Scrolls
 e - 2 scrolls of teleportation
 m - a scroll of identify
 q - a scroll of immolation
Potions
 a - a potion of resistance
 d - 2 potions of degeneration
 g - 2 potions of lignification
 k - a potion of magic
 l - a potion of curing
 n - a potion of heal wounds


   Skills:
 + Level 5.1 Fighting
 + Level 4.6 Dodging
 * Level 7.4 Unarmed Combat
 + Level 4.7 Spellcasting
 * Level 7.0 Transmutations
 - Level 4.0 Poison Magic


You had 6 spell levels left.
You knew the following spells:

 Your Spells              Type           Power      Damage    Failure   Level
a - Beastly Appendage     Tmut           46%        N/A       1%          1
b - Wereblood             Tmut           23%        N/A       1%          2
c - Spider Form           Tmut/Pois      9%         N/A       5%          3
d - Hydra Form            Tmut           11%        N/A       28%         5

Your spell library contained the following spells:

 Spells                   Type           Power      Damage    Failure   Level
 Animate Skeleton         Necr           6%         N/A       19%         1
 Apportation              Tloc           6%         N/A       19%         1
 Corona                   Hex            3%         N/A       19%         1
 Summon Small Mammal      Summ           12%        N/A       19%         1
 Ice Form                 Ice/Tmut       13%        N/A       38%         4


Dungeon Overview and Level Annotations

Branches:
Dungeon (7/15)
 Temple: D:4-7

Altars:
Ashenzari
Elyvilon
Fedhas
Nemelex Xobeh
Trog


Innate Abilities, Weirdness & Mutations

You are a three-headed hydra.
You swim very quickly.
You can devour living enemies to heal.
You are amphibious.
Your maximum health is greatly increased.
Your armour is entirely melded.
You are incapable of wielding weapons or throwing items.
((You can breathe blasts of scalding, opaque steam.))
((Your pale cyan-grey scales are hard. (AC +7)))
You cannot fit into any form of body armour.
((You are cold-blooded and may be slowed by cold attacks.))
((You are immune to the effects of steam.))


Message History

Your +0 pair of gloves melds into your body.
You climb downwards.
The wight hits you with a +0 flail.
You feel drained. The wight hits you with a +0 flail.
You feel drained. The wight hits you with a +0 flail.
There is a stone staircase leading up, spattered with blood here.
You bite the wight!
The wight is almost destroyed.
You bite the wight! The wight hits you with a +0 flail!
You feel drained.
The wight hits you from afar with a +2 halberd of freezing.
The wight freezes you. The wight hits you with a +0 flail.
You feel drained.
You nip at the wight but do no damage.
The wight is almost destroyed.
You nip at the wight.
The wight hits you with a +0 flail. The wight closely misses you.
The wight hits you with a +0 flail.
You feel drained.
You bite the wight!
You destroy the wight!
You nip at the wight.
The wight hits you with a +0 flail!
The wight hits you from afar with a +2 halberd of freezing!
You feel drained.
* * * LOW HITPOINT WARNING * * *
The wight freezes you.
* * * LOW HITPOINT WARNING * * *
The wight hits you with a +0 flail.
* * * LOW HITPOINT WARNING * * *
You feel drained.
* * * LOW HITPOINT WARNING * * *
The wight hits you from afar with a +2 halberd of freezing.
* * * LOW HITPOINT WARNING * * *
You feel drained.
* * * LOW HITPOINT WARNING * * *
The wight freezes you.
* * * LOW HITPOINT WARNING * * *
You climb upwards.
Your magical contamination has completely faded away.
There is a stone staircase leading down here.
You barely miss the wight.
The wight is almost destroyed.
The wight hits you with a +0 flail!
You die...

####### #.....# #.....#
#.....# #.....# ######
#.....##############.....
#.....##D................
#.....##z###########.....
#......#.# #.....
#......#'####### #.....
##.............#####.....
#................##.....
#.............##.##..#..
#####.....(...##[##.....
#....<....##....###.


You could see a wight.

Vanquished Creatures
  Maggie (D:6)
  A hornet (D:6)
  3 vampire mosquitoes (D:6)
  2 sky beasts (D:6)
  An orc warrior (D:6)
  An ice beast (D:5)
  A black bear (D:6)
  3 ogres
  A scorpion (D:5)
  A water moccasin zombie (D:5)
  A water moccasin skeleton (D:5)
  4 wights
  A howler monkey (D:5)
  A centaur zombie (D:6)
  2 orc priests (D:6)
  A bullfrog zombie (D:6)
  2 gnoll shamans
  4 hounds
  A bullfrog skeleton (D:7)
  2 iguanas
  12 orc wizards
  A hound zombie (D:5)
  Robin (D:3)
  9 gnolls
  2 howler monkey skeletons (D:6)
  4 adders
  An ufetubus (D:5)
  An adder skeleton (D:4)
  6 worms
  2 dart slugs
  28 orcs
  An endoplasm (D:4)
  3 giant cockroaches
  10 goblins
  8 hobgoblins
  8 jackals
  3 quokkas
  3 ball pythons
  6 bats
  4 frilled lizards
  A kobold (D:3)
  7 rats
155 creatures vanquished.

Vanquished Creatures (others)
  A white imp (D:6)
1 creature vanquished.

Grand Total: 156 creatures vanquished

Notes
Turn   | Place    | Note
-------+----------+-------------------------------------------
     0 | D:1      | 2tousent the Draconian Transmuter began the quest for the
                  | Orb.
     0 | D:1      | Reached XP level 1. HP: 16/16 MP: 3/3
   315 | D:1      | Reached XP level 2. HP: 23/23 MP: 3/5
   318 | D:1      | Learned a level 2 spell: Wereblood
  1354 | D:2      | Reached XP level 3. HP: 14/28 MP: 4/6
  1358 | D:2      | Learned a level 3 spell: Spider Form
  2623 | D:3      | Noticed Robin
  2631 | D:3      | Killed Robin
  2640 | D:3      | Reached XP level 4. HP: 15/36 MP: 7/7
  3025 | D:3      | Reached skill level 1 in Poison Magic
  3305 | D:3      | Reached XP level 5. HP: 41/41 MP: 2/8
  3796 | D:3      | Found a sparkling altar of Nemelex Xobeh.
  4105 | D:3      | Reached XP level 6. HP: 34/49 MP: 6/9
  4794 | D:4      | Found a broken altar of Ashenzari.
  5722 | D:5      | Entered Level 5 of the Dungeon
  5817 | D:5      | Your scales start taking on a pale cyan-grey colour.
  5817 | D:5      | Reached XP level 7. HP: 45/56 MP: 9/11
  5817 | D:5      | Gained mutation: You are immune to the effects of steam.
                  | [Pale Draconian growth]
  6234 | D:5      | Reached skill level 5 in Unarmed Combat
  6854 | D:5      | Found a blossoming altar of Fedhas.
  7346 | D:6      | Noticed a hornet
  7352 | D:6      | Paralysed by a hornet for 1 turns
  7353 | D:6      | Killed a hornet
  7354 | D:6      | Reached XP level 8. HP: 29/63 MP: 8/13
  7611 | D:6      | Reached skill level 5 in Transmutations
  8049 | D:6      | Noticed Maggie
  8090 | D:6      | Killed Maggie
  8377 | D:6      | Reached XP level 9. HP: 72/72 MP: 13/15
  9031 | D:6      | Reached skill level 5 in Fighting
  9261 | D:6      | Noticed a moth of wrath
  9264 | D:6      | Found a bloodstained altar of Trog.
  9479 | D:6      | Found a white marble altar of Elyvilon.
  9787 | D:6      | Learned a level 5 spell: Hydra Form
  9975 | D:7      | HP: 1/76 [wight/+2 halberd of freezing (3)]
  9977 | D:6      | Mangled by a wight

Illustrated notes

Levels and vault maps discovered:
D:1:      roderic_octagonal_star, layout_basic, serial_co_window_serial,
          co_window_corner_a, co_window_paths_a, co_window_paths_a,
          co_window_paths_a, co_window_cross_1, co_window_corner_b,
          co_window_unsneaky_path_c, co_window_corner_b, glass_columns_c,
          glass_columns_c, glass_columns_c, glass_columns_a
D:2:      layout_basic
D:3:      layout_basic, marbit_many_paths, kennysheep_generic_room_4, uniq_robin
D:4:      layout_loops_ring, lemuel_round_altar, hangedman_decor_opposing
D:5:      layout_basic, general_overflow_altar, grunt_decor_one_mirror,
          minmay_misc_feat_plants
D:6:      layout_basic, elyvilon_altar_3, tgw_trog, minmay_fractal_squares_5,
          uniq_maggie
D:7:      layout_gridville, okawaru_trees_2, temple_doors_e

Skill      XL: |  1  2  3  4  5  6  7  8  9 |
---------------+----------------------------+-----
Dodging        | 2 3 4 |  4.6
Poison Magic   | 1 2 3 4 |  4.0
Fighting       | 2 3 4 5 |  5.1
Transmutations | 3 4 6 7 |  7.0
Unarmed Combat | 4 5 6 7 |  7.4
Spellcasting   | 3 4 |  4.7

Action                   |  1- 3 |  4- 6 |  7- 9 || total
-------------------------+-------+-------+-------++-------
Melee: Unarmed           |   105 |   177 |   201 ||   483
       Kick              |    21 |    17 |    10 ||    48
       Tailslap          |     9 |    10 |     4 ||    23
       Headbutt          |     7 |    12 |    10 ||    29
       Punch             |     3 |     4 |       ||     7
 Cast: Beastly Appendage |    25 |    21 |    14 ||    60
       Wereblood         |     1 |     5 |       ||     6
       Spider Form       |       |     9 |    18 ||    27
       Hydra Form        |       |       |     1 ||     1
 Abil: Breathe Steam     |       |       |     7 ||     7
  Use: Potion            |     2 |     1 |     1 ||     4
       Scroll            |     3 |     2 |     3 ||     8
 Stab: Sleeping          |     1 |     1 |     1 ||     3
Armor: Skin              |    36 |    29 |    44 ||   109
Dodge: Dodged            |    55 |    91 |   160 ||   306

Table legend: (Time is in decaauts)
 A = Elapsed time spent in this place.
 B = Non-inter-level travel time spent in this place.
 C = Inter-level travel time spent in this place.
 D = Time resting spent in this place.
 E = Time spent auto-exploring this place.
 F = Levels seen in this place.
 G = Mean time per level.
                   A        B        C        D        E       F      G
               +--------+--------+--------+--------+--------+-----+--------+
         Total |   9939 |   9666 |    273 |   1233 |   7131 |   7 | 1419.9 |
       Dungeon |   9939 |   9666 |    273 |   1233 |   7131 |   7 | 1419.9 |
               +--------+--------+--------+--------+--------+-----+--------+

Top non-repeatable levels by time:
     D:6: 2562 daAuts
     D:3: 2021 daAuts
     D:5: 1616 daAuts
     D:2: 1336 daAuts
     D:4: 1217 daAuts
     D:1: 1129 daAuts
     D:7: 56 daAuts
